 Dungeon Crawl Stone Soup version 0.30-a0-377-g5cb311bc9f (webtiles) character file.

Game seed: 4353098540200010973

118 KennySheep the Shooter (level 4, -2/34 HPs)
             Began as a Demigod Hexslinger on Nov 27, 2022.
             Slain by Terence
             ... wielding a +0 mace
              (4 damage)
             ... on level 3 of the Dungeon.
             The game lasted 00:03:56 (1852 turns).

KennySheep the Shooter (Demigod Hexslinger)         Turns: 1852, Time: 00:03:57

Health: -2/34      AC:  3    Str: 11    XL:     4   Next: 45%
Magic:  8/8        EV: 12    Int: 15    God:
Gold:   128        SH:  0    Dex: 18    Spells: 2/5 levels left

rFire   . . .      SeeInvis .    a - +1 sling
rCold   . . .      Faith    .    (no shield)
rNeg    . . .      Spirit   .    c - +0 robe
rPois   .          Reflect  .    l - +0 helmet
rElec   .          Harm     .    (no cloak)
rCorr   .          Rampage  .    (no gloves)
Will    .....                    (no boots)
Stlth   ++........               (no amulet)
HPRegen 0.25/turn                (no ring)
MPRegen 0.11/turn                (no ring)

@: no status effects
A: high MP 1, forlorn, divine attributes
a: no special abilities


You were on level 3 of the Dungeon.
You visited 1 branch of the dungeon, and saw 3 of its levels.

You collected 128 gold pieces.

Inventory:

Hand Weapons
 a - a +1 sling (weapon)
 b - a +0 dagger
Armour
 c - a +0 robe (worn)
 l - a +0 helmet (worn)
Scrolls
 g - a scroll of blinking {unknown}
 h - 2 scrolls of poison
 i - 2 scrolls of teleportation {unknown}
 j - a scroll of noise {unknown}
 k - 2 scrolls of enchant weapon {unknown}
 m - a scroll of fear {unknown}
Potions
 d - 2 potions of mutation {unknown}
 e - a potion of curing {unknown}
 f - 2 potions of lignification {unknown}


   Skills:
 - Level 0.8 Fighting
 * Level 3.8 Ranged Weapons
 - Level 1.7 Dodging
 + Level 2.3 Stealth
 - Level 1.0 Spellcasting
 - Level 2.6 Hexes


You had 2 spell levels left.
You knew the following spells:

 Your Spells              Type           Power      Damage    Failure   Level
a - Slow                  Hex            32%        N/A       9%          1
b - Blink                 Tloc           0%         N/A       36%         2

Your spell library contained the following spells:

 Spells                   Type           Power      Damage    Failure   Level
 Momentum Strike          Conj/Tloc      0%         3d8       36%         2
 Inner Flame              Hex/Fire       4%         N/A       38%         3
 Portal Projectile        Hex/Tloc       8%         N/A       38%         3
 Lesser Beckoning         Tloc           0%         N/A       58%         3
 Cause Fear               Hex            4%         N/A       63%         4


Dungeon Overview and Level Annotations

Branches:
Dungeon (3/15)

Annotations:
D:3 Terence


Innate Abilities, Weirdness & Mutations

You have an increased reservoir of magic. (+10% MP)
You shall have no god before yourself.
Your divine heritage dramatically boosts your attributes as you level up.


Message History

Terence says, "Time to say good-bye..."
Terence hits you with a +0 mace. x2
You shoot a sling bullet.
The sling bullet hits Terence but does no damage.
Terence is lightly wounded.
Terence says, "Time to say good-bye..."
Terence closely misses you.
You shoot a sling bullet. The sling bullet barely misses Terence.
Terence completely misses you.
You shoot a sling bullet.
The sling bullet completely misses Terence.
Terence hits you with a +0 mace!
You shoot a sling bullet. The sling bullet hits Terence.
Terence is moderately wounded.
Terence closely misses you.
You shoot a sling bullet.
The sling bullet hits Terence but does no damage.
Terence is moderately wounded.
Terence hits you with a +0 mace. Terence barely misses you.
You shoot a sling bullet. The sling bullet hits Terence!
Terence is heavily wounded.
Terence hits you with a +0 mace.
You shoot a sling bullet.
The sling bullet closely misses Terence.
Terence closely misses you.
You shoot a sling bullet. The sling bullet hits Terence.
Terence is severely wounded.
Terence screams, "I want your blood!" Terence hits you with a +0 mace.
You shoot a sling bullet. The sling bullet hits Terence.
Terence is almost dead.
Terence barely misses you.
You shoot a sling bullet.
The sling bullet hits Terence but does no damage.
Terence is almost dead.
Terence hits you with a +0 mace!
* * * LOW HITPOINT WARNING * * *
Terence bares his teeth.
Terence hits you with a +0 mace.
You die...

####...# #......# #......#
#......#### #.##...#
#.......... #.##...#
#......# #.########...†..#
#...).......#####
########..##...# #
#..##...########### @..
>.........@@.....).##.....
#.#.###...#########....../.
#.#.# #...# #....?...## #
#.# ##### #........# #.#
#..(......? ##########.


You could see Terence.

Vanquished Creatures
  An orc priest (D:3)
  2 adders (D:2)
  5 worms
  A dart slug (D:1)
  3 orcs (D:3)
  6 endoplasms
  A giant cockroach (D:3)
  A goblin (D:1)
  2 hobgoblins (D:1)
  8 quokkas
  4 ball pythons (D:1)
  5 bats
  3 frilled lizards
  2 kobolds
  8 rats
52 creatures vanquished.

Notes
Turn   | Place    | Note
-------+----------+-------------------------------------------
     0 | D:1      | KennySheep the Demigod Hexslinger began the quest for the
                  | Orb.
     0 | D:1      | Reached XP level 1. HP: 15/15 MP: 4/4
    30 | D:1      | Reached skill level 2 in Ranged Weapons
    92 | D:1      | Reached XP level 2. HP: 17/22 MP: 5/5
   170 | D:1      | Reached skill level 1 in Stealth
   755 | D:2      | Reached XP level 3. HP: 27/27 MP: 6/6
   837 | D:2      | Reached skill level 3 in Ranged Weapons
   856 | D:2      | Learned a level 2 spell: Blink
  1678 | D:3      | Reached XP level 4. HP: 21/34 MP: 8/8
  1828 | D:3      | Noticed Terence
  1852 | D:3      | Slain by Terence

Illustrated notes

Levels and vault maps discovered:
D:1:      minmay_arrival_four_houses, layout_basic
D:2:      layout_basic, basic_altar, serial_bayou_pond_e, st_stairs_5
D:3:      layout_basic, grunt_temple_overflow_bloody_war,
          nicolae_ru_great_annihilating_truth, nicolae_shop_vocational,
          uniq_grinder, uniq_terence, uniq_sigmund, uniq_ijyb

Skill      XL: |  1  2  3 |
---------------+----------+-----
Ranged Weapons | 2 3 |  3.8
Stealth        | 1 2 |  2.3
Fighting       | |  0.8
Dodging        | |  1.7
Spellcasting   | |  1.0
Hexes          | |  2.6

Action                   |  1- 3 |  4- 6 || total
-------------------------+-------+-------++-------
 Fire: Sling             |   161 |    39 ||   200
Armor: Robe              |    11 |       ||    11
Dodge: Dodged            |    41 |    11 ||    52

Table legend: (Time is in decaauts)
 A = Elapsed time spent in this place.
 B = Non-inter-level travel time spent in this place.
 C = Inter-level travel time spent in this place.
 D = Time resting spent in this place.
 E = Time spent auto-exploring this place.
 F = Levels seen in this place.
 G = Mean time per level.
                   A        B        C        D        E       F      G
               +--------+--------+--------+--------+--------+-----+--------+
         Total |   1900 |   1827 |     73 |     78 |   1364 |   3 |  633.3 |
       Dungeon |   1900 |   1827 |     73 |     78 |   1364 |   3 |  633.3 |
               +--------+--------+--------+--------+--------+-----+--------+

Top non-repeatable levels by time:
     D:2: 886 daAuts
     D:1: 772 daAuts
     D:3: 241 daAuts
